 Dungeon Crawl Stone Soup version 0.21-a0-404-g291f19a (webtiles) character file.

801 IceWhale the Carver (level 7, -3/61 HPs)
             Began as a White Draconian Chaos Knight on Oct 25, 2017.
             Slain by a gnoll
             ... wielding a +0 halberd
              (5 damage)
             ... on level 5 of the Dungeon on Oct 26, 2017.
             The game lasted 00:41:20 (4241 turns).

IceWhale the Carver (White Draconian Chaos Knight)  Turns: 4241, Time: 00:41:21

Health: -3/61      AC:  7    Str: 18    XL:     7   Next: 59%
Magic:  0/7        EV: 13    Int: 12    God:    Xom [..*...]
Gold:   159        SH:  0    Dex: 15    Spells: 6/6 levels left

rFire    + . .     SeeInvis .   a - +0 falchion (chaos)
rCold    + . .     Gourm    .   (no shield)
rNeg     . . .     Faith    .   (armour unavailable)
rPois    .         Spirit   +   (helmet restricted)
rElec    .         Reflect  .   (no cloak)
rCorr    .         Harm     .   (no gloves)
MR       .....                  (no boots)
Stlth    ++........             i - amulet of guardian spirit
HPRegen  0.60/turn              (no ring)
MPRegen  0.10/turn              (no ring)

@: lethally poisoned (-3 -> -3), very slightly contaminated
A: breathe frost, unfitting armour, stinger 1, agile 2, cold resistance 1, fire
resistance 1, regeneration 1, shaggy fur 1, strong 1, cold-blooded, subdued
magic 1, AC +6
a: Breathe Frost, Renounce Religion


You were on level 5 of the Dungeon.
You worshipped Xom.
You were a toy of Xom.
You were very full.

You visited 2 branches of the dungeon, and saw 6 of its levels.

You collected 159 gold pieces.

Inventory:

Hand Weapons
 a - a +0 falchion of chaos (weapon)
 j - a cursed +3 giant club of chaos
 t - a cursed -3 spear
 v - a +0 dagger
 x - a +2 trident of flaming
Armour
 c - a +0 robe
 h - a +0 helmet
 q - a +0 robe
 u - a +0 robe
Jewellery
 i - an amulet of guardian spirit (around neck)
Wands
 n - a wand of flame (30/48)
Scrolls
 d - a scroll of recharging
 g - a scroll of magic mapping
 k - a scroll of identify
 o - 4 scrolls of remove curse
 r - a scroll of amnesia
Potions
 p - 2 potions of degeneration
 s - a potion of curing
Comestibles
 f - 2 fruits
 l - 11 royal jellies
 m - 5 bread rations


   Skills:
 * Level 5.5 Fighting
 * Level 8.0 Long Blades
 - Level 2.2 Dodging
 - Level 0.6 Stealth


You had 6 spell levels left.
You didn't know any spells.

Dungeon Overview and Level Annotations

Branches:
Dungeon (5/15)             Temple (1/1) D:5

Altars:
Elyvilon
Fedhas
Hepliaklqana
Makhleb
Ru
Trog
Xom
Zin
The Shining One

Shops:
D:5 (


Innate Abilities, Weirdness & Mutations

You can breathe waves of freezing cold.
You can buffet flying creatures when you breathe cold.
Your icy white scales are hard. (AC +6)
You cannot fit into any form of body armour.
Your flesh is cold resistant. (rC+)
You are cold-blooded and may be slowed by cold attacks.
Your tail ends in a poisonous barb.
You are very agile. (Dex +4)
Your flesh is heat resistant. (rF+)
Your natural rate of healing is unusually fast.
You are covered in fur. (AC +1)
Your muscles are strong. (Str +2)
Your spells are a little easier to cast, but a little less powerful.


Message History

The orc priest mumbles some strange prayers to Beogh against you.
Pain shoots through your body!
* * * LOW HITPOINT WARNING * * *
You barely miss the orc priest.
The orc priest is severely wounded.
The orc priest hits you with a dagger.
* * * LOW HITPOINT WARNING * * *
Blink to where?
Press: ? - help, Dir - move target cursor You are very lightly contaminated with residual magic.
As you read the scroll labeled BOOCSO URAMEVY, it crumbles to dust.
It was a scroll of blinking.
The gnoll shouts! x2
The gnoll closely misses you.
The frilled lizard hisses angrily.
You feel sick. The gnoll misses you. The frilled lizard barely misses you.
The gnoll hits you from afar with a halberd.
You die...
Xom snickers!

## ###g### ...#..)..##
...........##
............# . ##.
........†..%# #. ..
............####.## ..
...................##.###
......g.................
......gl@..###### ..#.#
...#.....#########†..###
.######..g..o§.....!....
#..###########.### #..#
.. #### .. .


You could see a gnoll shaman, 2 gnolls and a frilled lizard.

Vanquished Creatures
  An ogre (D:4)
  A gnoll sergeant (D:5)
  A scorpion (D:4)
  A hound (D:5)
  A bullfrog zombie (D:5)
  2 orc priests
  A gnoll shaman (D:5)
  An iguana (D:4)
  Ijyb (D:4)
  3 orc wizards
  3 worker ants
  A worker ant zombie (D:5)
  12 gnolls
  A river rat (D:5)
  5 adders
  2 oozes (D:1)
  A worm (D:2)
  2 dart slugs
  2 leopard geckos
  4 orcs
  8 bats
  2 giant cockroaches
  7 hobgoblins
  11 jackals
  2 quokkas (D:2)
  A ball python (D:2)
  3 frilled lizards
  6 goblins
  6 kobolds
  A quokka skeleton (D:4)
  4 rats
97 creatures vanquished.

Notes
Turn   | Place    | Note
-------+----------+-------------------------------------------
     0 | D:1      | IceWhale the Draconian Chaos Knight began the quest for the Orb.
     0 | D:1      | Reached XP level 1. HP: 19/19 MP: 1/1
   102 | D:1      | XOM: silly message
   122 | D:1      | Reached XP level 2. HP: 19/26 MP: 2/2
   346 | D:1      | XOM: mild Chrm miscast
   406 | D:1      | XOM: cloud trail
   646 | D:1      | XOM: noise
   652 | D:1      | XOM: god gift: small citrine amulet {god gift}
   695 | D:1      | Reached XP level 3. HP: 32/33 MP: 3/3
  1017 | D:2      | Reached skill level 4 in Long Blades
  1177 | D:2      | XOM: 2-stop teleportation journey
  1324 | D:2      | Upgraded the game from 0.21-a0-401-g0b6bec4 to 0.21-a0-404-g291f19a
  1327 | D:2      | XOM: 1-stop teleportation journey
  1438 | D:2      | XOM: smoke on damage
  1439 | D:2      | Reached XP level 4. HP: 27/40 MP: 2/4
  1469 | D:2      | XOM: 1-stop teleportation journey
  1564 | D:2      | Found a glowing golden altar of the Shining One.
  1569 | D:2      | Found a bloodstained altar of Trog.
  1647 | D:2      | Found a sacrificial altar of Ru.
  1745 | D:3      | XOM: 1-stop teleportation journey
  1777 | D:3      | XOM: give mutations
  1777 | D:3      | Gained mutation: You are agile. (Dex +2) [Xom's grace]
  1777 | D:3      | Gained mutation: You are very agile. (Dex +4) [Xom's grace]
  1777 | D:3      | Gained mutation: Your tail ends in a poisonous barb. [Xom's grace]
  1777 | D:3      | Gained mutation: Your natural rate of healing is unusually fast. [Xom's grace]
  1790 | D:3      | Found a bloodstained altar of Trog.
  1996 | D:3      | XOM: god gift: 11 royal jellies
  2055 | D:3      | XOM is BORED!
  2055 | D:3      | XOM: give mutations
  2055 | D:3      | Gained mutation: You tend to lose your temper in combat. [Xom's mischief]
  2055 | D:3      | Lost mutation: Your natural rate of healing is unusually fast. [Xom's mischief]
  2055 | D:3      | Gained mutation: You do not regenerate when monsters are visible. [Xom's mischief]
  2055 | D:3      | Gained mutation: Your body sometimes deteriorates upon taking damage. [Xom's mischief]
  2079 | D:3      | XOM: polymorph orc -> hobgoblin
  2084 | D:3      | Reached skill level 5 in Long Blades
  2085 | D:3      | Reached XP level 5. HP: 14/46 MP: 1/5
  2174 | D:3      | XOM: polymorph orc -> rat
  2196 | D:3      | XOM: give mutations
  2196 | D:3      | Gained mutation: Your muscles are strong. (Str +2) [Xom's grace]
  2196 | D:3      | Gained mutation: You have sharp toenails. [Xom's grace]
  2196 | D:3      | Gained mutation: Your flesh is heat resistant. (rF+) [Xom's grace]
  2196 | D:3      | Gained mutation: You are covered in fur. (AC +1) [Xom's grace]
  2664 | D:4      | Noticed Ijyb
  2674 | D:4      | Killed Ijyb
  2786 | D:4      | XOM: harmless Tmut miscast
  2897 | D:4      | Lost mutation: You tend to lose your temper in combat. [potion of mutation]
  2897 | D:4      | Lost mutation: Your body sometimes deteriorates upon taking damage. [potion of mutation]
  2897 | D:4      | Lost mutation: You do not regenerate when monsters are visible. [potion of mutation]
  2897 | D:4      | Lost mutation: You have sharp toenails. [potion of mutation]
  2897 | D:4      | Gained mutation: Your spells are a little easier to cast, but a little less powerful. [potion of mutation]
  2897 | D:4      | Gained mutation: Your natural rate of healing is unusually fast. [potion of mutation]
  2987 | D:4      | Reached skill level 6 in Long Blades
  2987 | D:4      | Reached XP level 6. HP: 53/53 MP: 6/6
  2998 | D:4      | Found a blossoming altar of Fedhas.
  3005 | D:4      | Found a glowing silver altar of Zin.
  3275 | D:4      | XOM: god gift: 23 stones
  3351 | D:4      | XOM: chaos upgrade
  3354 | D:4      | XOM: stat loss: -1 Str (17/18)
  3791 | D:5      | Entered Level 5 of the Dungeon
  3812 | D:5      | Found Devo's Weapon Shoppe.
  3850 | D:5      | Reached skill level 5 in Fighting
  3850 | D:5      | Reached skill level 7 in Long Blades
  3859 | D:5      | Your scales start taking on an icy white colour.
  3859 | D:5      | Reached XP level 7. HP: 38/61 MP: 3/7
  3859 | D:5      | Gained mutation: Your flesh is cold resistant. (rC+) [White Draconian growth]
  3880 | D:5      | XOM: confusion
  3883 | D:5      | XOM: blink monster(s)
  4058 | D:5      | Found a staircase to the Ecumenical Temple.
  4070 | Temple   | Entered the Ecumenical Temple
  4133 | D:5      | XOM: 1-stop teleportation journey
  4229 | D:5      | Reached skill level 8 in Long Blades
  4238 | D:5      | HP: 1/61 [orc priest/dagger (4)]
  4241 | D:5      | Slain by a gnoll

Vault maps used:
D:1:      lightli_arrival_noodles, item_on_display_a
D:2:      nicolae_ru_path_of_blood, gammafunk_temple_overflow_pools
D:3:      first_bread, trog_book
D:4:      amethyst_overflow_temple_binary, patterned_corridor, uniq_ijyb
D:5:      lemuel_crystal_altar, minmay_temple_entry_large_hall, enter_ossuary_1,
          serial_shops, shop
Temple:   nicolae_temple_hex_pool

Skill      XL: |  1  2  3  4  5  6  7 |
---------------+----------------------+-----
Long Blades    | 4 5 6 7 8 |  8.0
Fighting       | 4 5 |  5.5
Dodging        | |  2.2
Stealth        | |  0.6

Action                   |  1- 3 |  4- 6 |  7- 9 || total
-------------------------+-------+-------+-------++-------
Melee: Falchion          |    96 |   122 |    74 ||   292
       Tailslap          |    14 |    18 |    19 ||    51
       Kick              |       |     7 |       ||     7
 Abil: Breathe Frost     |       |       |     3 ||     3
  Use: Scroll            |     7 |     3 |     3 ||    13
       Potion            |     2 |     7 |     1 ||    10
 Stab: Sleeping          |     1 |       |     1 ||     2
       Petrified         |       |     3 |       ||     3
       Petrifying        |       |     1 |       ||     1
       Paralysed         |       |     1 |       ||     1
  Eat: Bread ration      |     1 |       |     1 ||     2
       Fruit             |     1 |     1 |       ||     2
       Meat ration       |       |     1 |       ||     1
       Royal jelly       |       |     1 |       ||     1
Armor: Skin              |    31 |    34 |    35 ||   100
Dodge: Dodged            |    59 |    77 |    78 ||   214
       Rpst.: Falchion   |    18 |    23 |    17 ||    58

Table legend:
 A = Spawn XP
 B = Non-spawn XP
 C = Spawn XP percentage of total XP
 D = Spawn monster count
 E = Non-spawn monster count
 F = Spawn count percentage of total count
 G = Total turns spent on level
                    A         B        C        D         E        F      G
               +---------+---------+-------+---------+---------+-------+---------
         Total |       0 |    1145 |   0.0 |       0 |      97 |   0.0 |  4241
               +---------+---------+-------+---------+---------+-------+---------
           D:1 |       0 |      44 |   0.0 |       0 |      19 |   0.0 |   994
           D:2 |       0 |      57 |   0.0 |       0 |      20 |   0.0 |   725
           D:3 |       0 |     118 |   0.0 |       0 |      14 |   0.0 |   933
           D:4 |       0 |     398 |   0.0 |       0 |      14 |   0.0 |  1139
           D:5 |       0 |     528 |   0.0 |       0 |      30 |   0.0 |   418
               +---------+---------+-------+---------+---------+-------+---------
